AoeStats
← 雙子座ovu/6

Arabia

509053220Analyzed
1v1 RM · 6d ago on Sep 25, 2026· 50m 55s· 2 players
Game mode
Random Map
Map size
Tiny (2 player)
Population
200
Speed
Normal
Resources
Standard
Victory
Conquest
Starting age
Dark Age
Ending age
Imperial Age
RankedLock teamsTeams togetherTeam positionsShared explorationLock speedFull tech treeHidden civsTurbo modeCheats
Victory
Defeat
🇰🇷 Bulgarians · South Korea
545
+14
🇹🇼 Vietnamese · Taiwan
496
-14
雙子座ovu/6
13:13 Feudal Age
18:11 Loom
22:39 Castle Age
23:03 Elite Skirmisher
23:48 Thumb Ring
24:05 Double-Bit Axe
26:04 Pikeman
29:44 Fletching
29:55 Padded Archer Armor
30:51 Bodkin Arrow
37:19 Bow Saw
37:18 Horse Collar
42:30 Gold Mining
42:32 Stone Mining
45:37 Imperial Age
45:01 Leather Archer Armor
46:24 Stone Shaft Mining
46:14 Ballistics
49:12 Chemistry
49:09 Bracer
alexander РУССКИЙ
10:44 Feudal Age
9:00 Loom
11:52 Double-Bit Axe
11:48 Horse Collar
19:16 Bloodlines
22:52 Castle Age
24:37 Forging
24:28 Scale Mail Armor
26:22 Husbandry
27:03 Light Cavalry
28:07 Gambesons
28:22 Squires
28:09 Arson
34:35 Scale Barding Armor
35:06 Iron Casting
38:32 Stirrups
44:35 Imperial Age
44:20 Chain Mail Armor
44:26 Chain Barding Armor
44:46 Capped Ram
47:06 Cavalier
51:18 Ballistics
Connection lost

Rejoining the realm…

Still unreachable

The connection could not be restored.

Session expired

The server has moved on; the page needs a fresh start.